 Dungeon Crawl Stone Soup version 0.19.5 (webtiles) character file.

9563 mkm the Cleaver (level 11, 0/100 HPs)
             Began as a Minotaur Berserker on Apr 4, 2017.
             Was a High Priest of Trog.
             Slain by a ten-headed hydra (8 damage)
             ... on level 10 of the Dungeon.
             The game lasted 00:44:27 (8464 turns).

mkm the Cleaver (Minotaur Berserker)                Turns: 8464, Time: 00:44:28

Health: 0/100      AC: 22    Str: 25    XL:     11   Next: 24%
Magic:  10/10      EV:  9    Int:  4    God:    Trog [*****.]
Gold:   521        SH:  5    Dex: 10    Spells: 0 memorised, 10 levels left

rFire  . . .     SeeInvis .     x - +0 war axe
rCold  . . .     Gourm    .     g - +2 plate armour
rNeg   . . .     Faith    .     j - +0 buckler
rPois  .         Spirit   .     (helmet unavailable)
rElec  .         Reflect  .     (no cloak)
rCorr  .         Harm     .     (no gloves)
MR     +....                    m - +2 pair of boots
Stlth  ..........               (no amulet)
                                (no ring)
                                (no ring)

@: no status effects
A: retaliatory headbutt, horns 3, thin metallic scales 1, blurry vision 1, magic
resistance 1, subdued magic 2
a: Berserk, Trog's Hand, Brothers in Arms, Burn Spellbooks, Renounce Religion


You were on level 10 of the Dungeon.
You worshipped Trog.
Trog was extremely pleased with you.
You were not hungry.

You visited 1 branch of the dungeon, and saw 11 of its levels.

You collected 593 gold pieces.
You spent 72 gold pieces at shops.

Inventory:

Hand Weapons
 a - a +0 shortbow
 x - a +0 war axe (weapon)
Missiles
 y - 85 arrows (quivered)
Armour
 b - a +0 animal skin
 g - a +2 plate armour (worn)
 j - a +0 buckler (worn)
 m - a +2 pair of boots (worn)
 o - a +0 shield
Rods
 c - a +0 rod of ignition (10/10)
   (You found it on level 7 of the Dungeon)
Jewellery
 E - an uncursed ring of see invisible
Wands
 e - a wand of random effects (32/48)
 t - a wand of flame (18/48)
 D - a wand of polymorph (4/24)
Scrolls
 h - a scroll of magic mapping
 n - a scroll of enchant weapon
 q - 5 scrolls of remove curse
 r - a scroll of enchant armour
 A - a scroll of fear
 B - a scroll of fog
Potions
 d - 2 potions of haste
 f - a potion of heal wounds
 i - 5 potions of curing
 k - 3 potions of cancellation
 l - a potion of flight
 p - a potion of resistance
 s - 3 potions of brilliance
 w - 2 potions of mutation
Comestibles
 u - 5 meat rations
 v - 8 bread rations
 z - a royal jelly


   Skills:
 + Level 10.2 Fighting
 + Level 14.3 Axes
 + Level 10.0 Armour
 + Level 3.8 Dodging
 + Level 0.8 Stealth
 + Level 5.6 Shields


You had 10 spell levels left.
You didn't know any spells.

Dungeon Overview and Level Annotations

Branches:
Dungeon (11/15)            Temple (0/1) D:7            Lair (0/6) D:11
    Orc: D:9-12

Altars:
Fedhas
Hepliaklqana
Ru
Xom
The Shining One

Shops:
D:5 :   D:8 *


Innate Abilities, Weirdness & Mutations

You reflexively headbutt those who attack you in melee.
You have a pair of large horns on your head.
You are partially covered in thin metallic scales. (AC +2)
Scrolls take you a little longer to read.
You are resistant to hostile enchantments. (MR+)
Your spells are easier to cast, but less powerful.


Message History

The nine-headed hydra bites you but does no damage.
The nine-headed hydra bites you!
* * * LOW HITPOINT WARNING * * *
The nine-headed hydra completely misses you.
The nine-headed hydra bites you.
* * * LOW HITPOINT WARNING * * *
The nine-headed hydra bites you!
* * * LOW HITPOINT WARNING * * *
The nine-headed hydra bites you but does no damage.
The nine-headed hydra bites you.
* * * LOW HITPOINT WARNING * * *
You slice one of the nine-headed hydra's heads off!
The eight-headed hydra grows two more!
You hit the ten-headed hydra.
The ten-headed hydra is severely wounded.
The ten-headed hydra bites you but does no damage.
The ten-headed hydra bites you.
* * * LOW HITPOINT WARNING * * *
The ten-headed hydra bites you but does no damage.
The ten-headed hydra misses you. The ten-headed hydra bites you!
You die...

#...#.
#.#
###.#.
#.#
###.#.
#.#
.)..#.
#.#
#####.
#.# ..
#.# ###
#.# #
#####.#
#
#..D@.#
#
#.#####
#


You could see a ten-headed hydra.

Vanquished Creatures
  A centaur warrior (D:9)
  The ghost of tognito the Cleaver, a novice MiBe of Trog (D:9)
  A cyclops (D:9)
  A centaur zombie (D:11)
  A kobold demonologist (D:8)
  2 trolls (D:11)
  A merfolk (D:9)
  A two-headed ogre (D:9)
  A hornet (D:10)
  2 hippogriffs
  A wraith (D:11)
  5 yaks
  A hungry ghost (D:9)
  Menkaure (D:4)
  The ghost of Haldmier the Slasher, an amateur HESk (D:3)
  Duvessa (D:4)
  A soldier ant (D:11)
  2 hell hounds (D:11)
  4 orc warriors
  3 ice beasts
  2 sky beasts (D:9)
  3 ogres
  3 centaurs
  8 big kobolds
  3 bullfrogs
  Dowan (D:4)
  A scorpion (D:6)
  3 killer bees (D:7)
  4 wights (D:11)
  2 howler monkeys
  3 bullfrog zombies
  4 crimson imps
  A quasit (D:5)
  2 bullfrog skeletons
  3 hounds
  3 jellies
  4 centaur skeletons
  6 orc priests
  3 orc wizards
  7 worker ants
  A killer bee zombie (D:6)
  A hound zombie (D:7)
  A hound skeleton (D:8)
  3 worker ant zombies
  Robin (D:4)
  8 adders
  5 shadow imps
  3 oozes
  An adder skeleton (D:4)
  2 adder zombies
  2 worms
  A dart slug (D:3)
  4 leopard geckos (D:1)
  28 orcs
  8 giant cockroaches
  17 goblins
  10 hobgoblins
  11 jackals
  11 kobolds
  2 quokkas (D:3)
  7 bats
  2 frilled lizards
  A jackal skeleton (D:4)
  A leopard gecko skeleton (D:7)
  6 rats
  2 butterflies
237 creatures vanquished.

Vanquished Creatures (collateral kills)
  A komodo dragon (D:9)
  An orc priest (D:11)
  2 orcs (D:9)
  2 kobolds (D:9)
6 creatures vanquished.

Grand Total: 243 creatures vanquished

Notes
Turn   | Place    | Note
-------+----------+-------------------------------------------
     0 | D:1      | mkm the Minotaur Berserker began the quest for the Orb.
     0 | D:1      | Reached XP level 1. HP: 19/19 MP: 0/0
   118 | D:1      | Reached skill level 4 in Axes
   118 | D:1      | Reached XP level 2. HP: 27/27 MP: 1/1
   246 | D:1      | Reached XP level 3. HP: 29/33 MP: 2/2
   421 | D:1      | Reached ** piety under Trog
  1198 | D:2      | Found a sacrificial altar of Ru.
  1198 | D:2      | Found a hazy altar of Hepliaklqana.
  1198 | D:2      | Found a glowing golden altar of the Shining One.
  2034 | D:3      | Reached XP level 4. HP: 41/41 MP: 3/3
  2369 | D:3      | Noticed Haldmier's ghost (amateur HESk)
  2391 | D:3      | Killed Haldmier's ghost
  2391 | D:3      | Reached skill level 5 in Fighting
  2391 | D:3      | Reached XP level 5. HP: 42/48 MP: 4/4
  2511 | D:3      | Reached skill level 5 in Axes
  2821 | D:3      | Reached XP level 6. HP: 56/56 MP: 5/5
  3271 | D:4      | Noticed Menkaure
  3279 | D:4      | Killed Menkaure
  3279 | D:4      | Reached skill level 5 in Armour
  3279 | D:4      | Reached skill level 1 in Shields
  3345 | D:4      | Found a shimmering altar of Xom.
  3468 | D:4      | Reached *** piety under Trog
  3479 | D:4      | Noticed Robin
  3499 | D:4      | Killed Robin
  3549 | D:4      | Noticed Duvessa
  3549 | D:4      | Noticed Dowan
  3561 | D:4      | Killed Duvessa
  3561 | D:4      | Reached skill level 6 in Axes
  3561 | D:4      | Reached XP level 7. HP: 59/61 MP: 6/6
  3566 | D:4      | Killed Dowan
  3966 | D:5      | Entered Level 5 of the Dungeon
  4184 | D:5      | Reached skill level 7 in Axes
  4501 | D:5      | Found Cebbal's Book Shop.
  4731 | D:6      | Reached XP level 8. HP: 71/71 MP: 7/7
  4817 | D:6      | Reached skill level 8 in Axes
  4910 | D:6      | Reached **** piety under Trog
  5015 | D:6      | Reached skill level 9 in Axes
  5645 | D:7      | Reached XP level 9. HP: 59/79 MP: 8/8
  5719 | D:7      | Reached skill level 10 in Axes
  5805 | D:7      | Gained mutation: Your spells are a little easier to cast, but a little less powerful. [potion of mutation]
  5805 | D:7      | Gained mutation: You have a pair of large horns on your head. [potion of mutation]
  5805 | D:7      | Gained mutation: You are partially covered in thin metallic scales. (AC +2) [potion of mutation]
  5933 | D:7      | Found a staircase to the Ecumenical Temple.
  5960 | D:7      | Gained mutation: Your spells are easier to cast, but less powerful. [potion of mutation]
  5960 | D:7      | Gained mutation: Scrolls take you a little longer to read. [potion of mutation]
  5960 | D:7      | Gained mutation: You are resistant to hostile enchantments. (MR+) [potion of mutation]
  6217 | D:8      | Noticed a kobold demonologist
  6232 | D:8      | Reached skill level 11 in Axes
  6235 | D:8      | Killed a kobold demonologist
  6278 | D:8      | Reached ***** piety under Trog
  6390 | D:8      | Found Usahoweo's Assorted Antiques.
  6399 | D:8      | Bought a potion of curing for 72 gold pieces
  6404 | D:8      | Got an iridescent rapier
  6492 | D:8      | Found a blossoming altar of Fedhas.
  6691 | D:9      | Reached skill level 12 in Axes
  6709 | D:9      | Noticed a merfolk
  6731 | D:9      | Killed a merfolk
  6862 | D:9      | Noticed a centaur warrior
  6877 | D:9      | Killed a centaur warrior
  6877 | D:9      | Reached XP level 10. HP: 50/90 MP: 9/9
  7120 | D:9      | Identified the Volume of Intoxication and Flames
  7158 | D:9      | Noticed tognito's ghost (novice MiBe)
  7169 | D:9      | Killed tognito's ghost
  7169 | D:9      | Reached skill level 13 in Axes
  7262 | D:9      | Noticed a cyclops
  7280 | D:9      | Killed a cyclops
  7526 | D:9      | You fall through a shaft for 2 floors!
  7533 | D:11     | Reached skill level 5 in Shields
  7620 | D:11     | Found a staircase to the Lair.
  7709 | D:11     | Reached XP level 11. HP: 31/99 MP: 10/10
  8048 | D:11     | Reached skill level 10 in Fighting
  8128 | D:11     | Reached skill level 10 in Armour
  8133 | D:11     | Reached skill level 14 in Axes
  8296 | D:10     | Entered Level 10 of the Dungeon
  8451 | D:10     | Noticed a four-headed hydra
  8464 | D:10     | Slain by a ten-headed hydra

Skill      XL: |  1  2  3  4  5  6  7  8  9 10 11 |
---------------+----------------------------------+-----
Axes           | 4 5 6 7 9 12 13 14 | 14.3
Fighting       | 4 5 6 7 8 9 10 | 10.2
Armour         | 4 5 6 7 8 9 10 | 10.0
Dodging        | 3 |  3.8
Shields        | 1 2 3 5 |  5.6
Stealth        | |  0.8

Action                   |  1- 3 |  4- 6 |  7- 9 | 10-12 || total
-------------------------+-------+-------+-------+-------++-------
Melee: Hand axe          |    93 |    94 |    49 |       ||   236
       Headbutt          |    12 |    13 |    43 |    52 ||   120
       War axe           |       |       |   242 |   185 ||   427
Invok: Berserk           |       |     2 |     5 |     6 ||    13
       Burn Spellbooks   |       |       |     1 |     2 ||     3
       Brothers in Arms  |       |       |       |     3 ||     3
Evoke: Wand              |       |       |       |     1 ||     1
  Use: Scroll            |     7 |     5 |     8 |     2 ||    22
       Potion            |     4 |     6 |     8 |     2 ||    20
  Eat: Bread ration      |     1 |     1 |     2 |       ||     4
       Pizza             |     1 |       |       |     1 ||     2
       Fruit             |       |       |     5 |     3 ||     8
       Beef jerky        |       |       |     2 |       ||     2
       Meat ration       |       |       |       |     2 ||     2
Armor: Ring mail         |    32 |       |       |       ||    32
       Plate armour      |    12 |    72 |   210 |   152 ||   446
Dodge: Dodged            |    63 |    31 |   130 |    90 ||   314
Block: Buckler           |     2 |    12 |    59 |    53 ||   126
